 Dungeon Crawl Stone Soup version 0.23.0 (webtiles) character file.

Game seed: 1289852798825393410

206 fartymcfart the Magician (level 5, -6/35 HPs)
             Began as a Demonspawn Wanderer on Feb 14, 2019.
             Killed from afar by an orc wizard (10 damage)
             ... with a puff of frost
             ... on level 3 of the Dungeon.
             The game lasted 00:04:15 (4003 turns).

fartymcfart the Magician (Demonspawn Wanderer)      Turns: 4003, Time: 00:04:15

Health: -6/35      AC:  2    Str: 13    XL:     5   Next: 53%
Magic:  2/12       EV: 13    Int: 15    God:
Gold:   99         SH:  0    Dex: 11    Spells: 7/14 levels left

rFire    . . .     SeeInvis .   h - +0 dagger
rCold    . . .     Gourm    .   (no shield)
rNeg     . . .     Faith    .   d - +0 robe
rPois    .         Spirit   .   (no helmet)
rElec    .         Reflect  .   (no cloak)
rCorr    .         Harm     .   (no gloves)
MR       .....                  (no boots)
Stlth    +++.......             (no amulet)
HPRegen  0.11/turn              r - ring of stealth
MPRegen  0.13/turn              (no ring)

@: very slightly contaminated
A: repulsion field 1, powered by pain 2
a: no special abilities


You were on level 3 of the Dungeon.
You were not hungry.

You visited 1 branch of the dungeon, and saw 3 of its levels.

You collected 99 gold pieces.

Inventory:

Hand Weapons
 e - a +0 club
 f - a +0 dagger
 h - a +0 dagger (weapon)
Armour
 d - a +0 robe (worn)
Jewellery
 r - a ring of stealth (left hand)
 s - an uncursed ring of see invisible {unknown}
Wands
 j - a wand of flame (6)
 m - a wand of paralysis (10)
 o - a wand of enslavement (11)
Scrolls
 a - 3 scrolls of identify {unknown}
 b - a scroll of teleportation {unknown}
 k - 2 scrolls of fog {unknown}
 q - a scroll of enchant armour {unknown}
 t - a scroll of remove curse {unknown}
 v - a scroll of magic mapping {unknown}
Potions
 c - 4 potions of curing
 i - 2 potions of heal wounds {unknown}
 l - a potion of degeneration {unknown}
 n - a potion of might {unknown}
 p - 3 potions of mutation {unknown}
 u - a potion of flight {unknown}
 w - a potion of magic {unknown}
Comestibles
 g - 8 rations


   Skills:
 - Level 1.7 Stealth
 + Level 5.4 Spellcasting
 + Level 3.6 Conjurations
   Level 2.0 Hexes
   Level 1.1 Necromancy
   Level 1.0 Transmutations


You had 7 spell levels left.
You knew the following spells:

 Your Spells              Type           Power        Failure   Level  Hunger
a - Magic Dart            Conj           ###.         3%          1    None
b - Sting                 Conj/Pois      #...         8%          1    None
c - Mephitic Cloud        Conj/Pois/Air  #.......     28%         3    ###....
d - Blink                 Tloc           N/A          24%         2    #......

Your spell library contained the following spells:

 Spells                   Type           Power        Failure   Level  Hunger
 Slow                     Hex            ##......     11%         2    #......
 Conjure Flame            Conj/Fire      #.......     22%         3    ###....
 Call Imp                 Summ           #.......     24%         2    #......
 Ignite Poison            Fire/Tmut/Pois #.......     38%         3    ###....


Dungeon Overview and Level Annotations

Branches:
Dungeon (3/15)

Altars:

Annotations:
D:3 Grinder


Innate Abilities, Weirdness & Mutations

You are surrounded by a mild repulsion field. (EV +2)
You sometimes gain power by taking damage.


Message History

The orc wizard hits you with a +0 dagger.
Grinder comes into view.
The orc wizard gestures at you while chanting.
The puff of flame misses you. The orc wizard casts a spell at you.
The puff of frost hits you!
Grinder shouts!
The orc wizard casts a spell at you. The magic dart hits you!
* * * LOW HITPOINT WARNING * * *
Casting: Magic Dart (safe; 3% risk of failure)
Confirm with . or Enter, or press ? or * to list all spells.
Aiming: Magic Dart (safe; 3% risk of failure)
Press: ? - help, Shift-Dir - straight line, f/p - orc wizard
Aim: an orc wizard, wielding a +0 dagger and wearing a +0 robe (almost dead, fast)
The magic dart hits the orc wizard.
The orc wizard is almost dead.
The orc wizard casts a spell at you. The puff of frost hits you!
You die...

#.........######.# ##......
...................## #...#..
#......<.....#####...# #...#..
#.##.#.########......###...#..
#. #.... #.##.....#...#.. ###.
###!. #.(#.....###. ##
...##...##.....#.. ##
##.....#.#......#.# ....
#.@#####...#......#
.#...##.#####...##.#....#
.......o#..........#.....
##...#..).........##.....
.......##.........##.....
.......##.5..............
...).....................
.............<.†.........
###..............)#......


You could see an orc wizard.

Vanquished Creatures
  An orc priest (D:3)
  An orc wizard (D:3)
  6 adders
  An ooze (D:1)
  2 worms
  3 dart slugs (D:1)
  2 leopard geckos (D:2)
  7 orcs (D:3)
  2 ball pythons (D:2)
  4 bats
  3 giant cockroaches (D:1)
  6 goblins
  13 hobgoblins
  8 kobolds
  2 frilled lizards
  9 rats
70 creatures vanquished.

Notes
Turn   | Place    | Note
-------+----------+-------------------------------------------
     0 | D:1      | fartymcfart the Demonspawn Wanderer began the quest for the
                  | Orb.
     0 | D:1      | fartymcfart set off with the following items: a potion of
                  | curing, a +0 robe, a +0 club, a +0 dagger, a ration; and
                  | the following spells available to memorise: Slow, Magic
                  | Dart, Sting, Blink, Call Imp, Ignite Poison, Conjure Flame,
                  | Mephitic Cloud
     0 | D:1      | Reached XP level 1. HP: 13/13 MP: 5/5
     2 | D:1      | Learned a level 1 spell: Magic Dart
   383 | D:1      | Reached skill level 1 in Conjurations
   431 | D:1      | Gained mutation: You are surrounded by a mild repulsion
                  | field. (EV +2) [demonic ancestry]
   431 | D:1      | Reached XP level 2. HP: 19/19 MP: 1/7
  1245 | D:1      | Gained mutation: You sometimes gain a little power by
                  | taking damage. [demonic ancestry]
  1245 | D:1      | Reached XP level 3. HP: 21/24 MP: 5/8
  2317 | D:2      | Gained mutation: You sometimes gain power by taking damage.
                  | [demonic ancestry]
  2317 | D:2      | Reached XP level 4. HP: 30/30 MP: 4/10
  3154 | D:3      | Reached skill level 5 in Spellcasting
  3637 | D:3      | Learned a level 1 spell: Sting
  3641 | D:3      | Learned a level 3 spell: Mephitic Cloud
  3644 | D:3      | Learned a level 2 spell: Blink
  3692 | D:3      | Reached XP level 5. HP: 35/35 MP: 0/12
  3999 | D:3      | Noticed Grinder
  4003 | D:3      | Killed from afar by an orc wizard

Skill      XL: |  1  2  3  4 |
---------------+-------------+-----
Conjurations   | 1 2 3 |  3.6
Spellcasting   | 5 |  5.4
Stealth        | |  1.7
Hexes          | |  2.0
Necromancy     | |  1.1
Transmutations | |  1.0

Action                   |  1- 3 |  4- 6 || total
-------------------------+-------+-------++-------
Melee: Club              |    24 |       ||    24
       Dagger            |    18 |     8 ||    26
 Cast: Magic Dart        |   105 |    89 ||   194
       Sting             |       |    13 ||    13
       Mephitic Cloud    |       |     1 ||     1
 Stab: Sleeping          |     1 |       ||     1
  Eat: Chunk             |     4 |     5 ||     9
Armor: Robe              |    13 |     2 ||    15
Dodge: Dodged            |    54 |    20 ||    74
